 Dungeon Crawl Stone Soup version 0.29.0-13-gc9e81de378 (webtiles) character file.

Game seed: 11677108870988570680

258 nshep25 the Conjurer (level 5, 0/33 (38) HPs)
             Began as a Draconian Conjurer on Sept 8, 2022.
             Was an Initiate of Ashenzari.
             Slain by Duvessa
             ... wielding a +2 short sword of draining
              (9 damage)
             ... on level 4 of the Dungeon.
             The game lasted 00:17:42 (4149 turns).

nshep25 the Conjurer (Draconian Conjurer)           Turns: 4149, Time: 00:17:44

HP:   0/33 (38)     AC:  5    Str: 10    XL:     5   Next: 94%
MP:   13/18         EV: 16    Int: 20    God:    Ashenzari [......]
Gold: 147           SH:  0    Dex:  9    Spells: 7/10 levels left

rFire   . . .      SeeInvis .   f - +0 dagger
rCold   . . .      Faith    .   (no shield)
rNeg    . . .      Spirit   .   (body armour unavailable)
rPois   .          Reflect  .   (helmet restricted)
rElec   .          Harm     .   j - scarf {repulsion}
rCorr   .          Rampage  .   (no gloves)
Will    .....                   (no boots)
Stlth   ++........              (no amulet)
HPRegen 0.11/turn               e - +4 ring of evasion
MPRegen 0.16/turn               x - ring of magical power

@: lethally poisoned (0 -> -6), heavily drained, repel missiles
A: AC +5, unfitting armour, cold-blooded
a: Renounce Religion, Curse Item


You were on level 4 of the Dungeon.
You worshipped Ashenzari.
Ashenzari was noncommittal.
You visited 1 branch of the dungeon, and saw 4 of its levels.

You collected 147 gold pieces.

Inventory:

Hand Weapons
 f - a +0 dagger (weapon)
 v - a +2 dagger of venom
 y - a +0 sling
Missiles
 c - 55 stones
 p - a throwing net
 B - 6 curare-tipped darts
Armour
 j - a scarf of repulsion (worn)
 n - a +0 cloak
Jewellery
 e - a +4 ring of evasion (left hand)
 g - a ring of protection from cold
 l - a ring of positive energy
 x - a ring of magical power (right hand)
Scrolls
 h - 2 scrolls of enchant armour {unknown}
 i - 2 scrolls of blinking {unknown}
 k - 3 scrolls of identify {unknown}
 m - a scroll of enchant weapon {unknown}
 q - a scroll of teleportation {unknown}
 r - 2 scrolls of immolation {unknown}
 s - a scroll of poison {unknown}
 u - a scroll of summoning {unknown}
 w - 2 scrolls of magic mapping {unknown}
Potions
 a - 2 potions of magic
 b - a potion of flight {unknown}
 d - 6 potions of curing {unknown}
 o - 2 potions of mutation {unknown}
 t - a potion of attraction {unknown}
 z - a potion of brilliance {unknown}
 A - a potion of degeneration {unknown}


   Skills:
 + Level 0.1 Fighting
 + Level 0.3 Short Blades
 + Level 2.5 Dodging
 + Level 2.1 Stealth
 + Level 3.1 Spellcasting
 + Level 6.1 Conjurations


You had 7 spell levels left.
You knew the following spells:

 Your Spells              Type           Power      Damage    Failure   Level
a - Magic Dart            Conj           100%       1d8       1%          1
b - Searing Ray           Conj           54%        2d6       1%          2

Your spell library contained the following spells:

 Spells                   Type           Power      Damage    Failure   Level
 Dazzling Flash           Conj/Hex       30%        N/A       12%         3
 Fulminant Prism          Conj/Hex       7%         3d7       36%         4
 Iskenderun's Mystic Bla  Conj/Tloc      15%        2d5       36%         4


Dungeon Overview and Level Annotations

Branches:
Dungeon (4/15)
 Temple: D:4-7

Altars:
Ashenzari
Sif Muna
The Shining One

Portals:
Abyss: D:4

Annotations:
D:4 1 transporter, Dowan; Duvessa; vvl's ghost, amateur DsVM


Innate Abilities, Weirdness & Mutations

Your plain brown scales are hard. (AC +5)
You cannot fit into any form of body armour.
You are cold-blooded and may be slowed by cold attacks.


Message History

Found a stone staircase leading down.
Dowan shouts!
Duvessa shouts!
Found a scroll labelled VINAIM LUO.
There is a transporter landing site here.
Found a scroll labelled VINAIM LUO.
Found a one-way gate to the infinite horrors of the Abyss.
Duvessa hits you with a +2 short sword of draining.
You feel drained.
You see here 18 gold pieces.
Casting: Magic Dart (safe; 1% risk of failure)
Confirm with . or Enter, or press ? or * to list all spells.
Aiming: Searing Ray (safe; 1% risk of failure)
Press: ? - help, Shift-Dir - straight line, f - Duvessa
Aim: Duvessa, wielding a +2 short sword of draining and wearing a +0 scale mail (85% to hit)
The searing ray hits Duvessa!
Duvessa is moderately wounded. (Press . to maintain the ray.) Duvessa hits you with a +2 short sword of draining!
You feel drained.
The searing ray hits Duvessa but does no damage.
Duvessa is moderately wounded.
Duvessa hits you with a +2 short sword of draining!
You feel drained.
The searing ray hits Duvessa!
Duvessa is heavily wounded.
Duvessa barely misses you.
The searing ray hits Duvessa.
Duvessa is heavily wounded.
You finish channelling your searing ray.
Dowan smirks and points a slender finger.
Dowan hits you but does no damage.
You are poisoned.
Duvessa closely misses you.
You hit Duvessa but do no damage.
Duvessa is heavily wounded.
You feel sick.
Dowan points at Duvessa and mumbles some strange words.
Duvessa seems to speed up.
Duvessa hits you with a +2 short sword of draining!
You die...

#########+####
.............#
.?...........+ .
.............#..
................
................
.......e@....#
#####...e###.##
....###..#.#
........©#©#
.........##.#
>.........# ..
####+#####...## .#
#.............##.^?
#.............©#..∩


You could see Duvessa (fast) and Dowan.

Vanquished Creatures
  Natasha (thrice) (D:2)
  A gnoll (D:3)
  8 adders
  A white imp (D:3)
  A worm (D:2)
  3 dart slugs
  An orc (D:3)
  7 bats
  9 endoplasms
  2 giant cockroaches
  9 goblins
  3 hobgoblins
  10 kobolds
  A quokka (D:4)
  9 ball pythons
  8 frilled lizards
  A goblin skeleton (D:3)
  2 goblin zombies (D:3)
  4 hobgoblin zombies (D:3)
  A kobold skeleton (D:3)
  A kobold zombie (D:3)
  An orc skeleton (D:3)
  An orc zombie (D:3)
  7 rats
94 creatures vanquished.

Notes
Turn   | Place    | Note
-------+----------+-------------------------------------------
     0 | D:1      | nshep25 the Draconian Conjurer began the quest for the Orb.
     0 | D:1      | Reached XP level 1. HP: 14/14 MP: 3/3
   337 | D:1      | Reached XP level 2. HP: 20/20 MP: 1/5
   393 | D:1      | Found a faded altar of an unknown god.
   410 | D:1      | Prayed at the altar of an unknown god.
   410 | D:1      | Became a worshipper of Ashenzari the Shackled
   758 | D:1      | Reached XP level 3. HP: 26/26 MP: 1/6
  1288 | D:2      | Reached skill level 5 in Conjurations
  1437 | D:2      | Learned a level 2 spell: Searing Ray
  1622 | D:2      | Noticed Natasha
  1646 | D:2      | Killed Natasha
  1647 | D:2      | Reached XP level 4. HP: 6/33 MP: 1/8
  2223 | D:2      | Noticed Natasha
  2231 | D:2      | Killed Natasha
  2392 | D:2      | Noticed Natasha
  2406 | D:2      | Killed Natasha
  2407 | D:2      | Reached XP level 5. HP: 3/38 MP: 1/9
  2921 | D:3      | Found a shimmering blue altar of Sif Muna.
  3191 | D:3      | Found a glowing golden altar of the Shining One.
  3581 | D:3      | Identified the +1 robe of the Cockatrice {Int+5 Stlth+}
  3585 | D:3      | Reached skill level 6 in Conjurations
  4112 | D:4      | Noticed vvl's ghost (amateur DsVM)
  4122 | D:4      | Found a transporter.
  4138 | D:4      | Noticed Duvessa
  4138 | D:4      | Noticed Dowan
  4142 | D:4      | Found a one-way gate to the infinite horrors of the Abyss.
  4149 | D:4      | Slain by Duvessa

Illustrated notes

Levels and vault maps discovered:
D:1:      psy_arrival_radial01, layout_basic, shapermc_ecumenical_altar_pompeii
D:2:      layout_rooms, serial_glass, glass_columns_b, glass_columns_a,
          chequers_serial_rivers_marsh, uniq_natasha
D:3:      layout_basic, nicolae_tso_besieged_by_evil,
          nicolae_overflow_crystal_walls, minmay_joined_circles
D:4:      layout_gridville, kiku_gazebo_pond_becter,
          gammafunk_ghost_abyssal_escape, uniq_duvessa, uniq_robin

Skill      XL: |  1  2  3  4  5 |
---------------+----------------+-----
Conjurations   | 5 6 |  6.1
Stealth        | 2 |  2.1
Dodging        | 2 |  2.5
Spellcasting   | 3 |  3.1
Fighting       | |  0.1
Short Blades   | |  0.3

Action                   |  1- 3 |  4- 6 || total
-------------------------+-------+-------++-------
Melee: Unarmed           |     5 |       ||     5
       Tailslap          |     2 |    12 ||    14
       Dagger            |    16 |   107 ||   123
 Cast: Magic Dart        |    73 |    97 ||   170
       Searing Ray       |       |     1 ||     1
Armor: Skin              |     2 |    16 ||    18
Dodge: Dodged            |    16 |   112 ||   128
       Repelled          |       |     2 ||     2
